 Dungeon Crawl Stone Soup version 0.29-a0-334-gb41bcbb86e (webtiles) character file.

Game seed: 10140203627681940477

498 Jortsu the Cudgeller (level 6, -12/61 HPs)
             Began as a Troll Fighter on Apr 15, 2022.
             Was a Believer of Trog.
             Succumbed to Eustachio's poison
             ... on level 4 of the Dungeon.
             The game lasted 00:06:32 (2394 turns).

Jortsu the Cudgeller (Troll Fighter)                Turns: 2394, Time: 00:06:32

Health: -12/61     AC:  6    Str: 27      XL:     6   Next: 94%
Magic:  5/5        EV: 10    Int:  4      God:    Trog [**....]
Gold:   91         SH:  0    Dex:  8 (9)  Spells: 5/5 levels left

rFire   + . .      SeeInvis .   k - +0 giant club
rCold   . . .      Faith    .   (shield currently unavailable)
rNeg    . . .      Spirit   .   e - +2 robe {Will+}
rPois   .          Reflect  .   (helmet restricted)
rElec   .          Harm     .   (no cloak)
rCorr   .          Rampage  .   (gloves unavailable)
Will    +....                   (boots unavailable)
Stlth   +.........              (no amulet)
HPRegen 1.00/turn               b - ring of protection from fire
MPRegen 0.09/turn               (no ring)

@: lethally poisoned (-12 -> -43), on berserk cooldown, slowed, very slow
A: large, unfitting armour, claws 3, regeneration 1, shaggy fur 1, tough skin 1
a: Renounce Religion, Berserk, Trog's Hand


You were on level 4 of the Dungeon.
You worshipped Trog.
Trog was pleased with you.
You visited 1 branch of the dungeon, and saw 5 of its levels.

You collected 157 gold pieces.
You spent 66 gold pieces at shops.

Inventory:

Hand Weapons
 a - a +0 flail
 j - a +2 vorpal morningstar
 k - a +0 giant club (weapon)
Armour
 c - a +1 kite shield
 e - a +2 robe of willpower (worn)
Jewellery
 b - a ring of protection from fire (left claw)
Scrolls
 g - 3 scrolls of teleportation
Potions
 d - a potion of might
 h - 2 potions of mutation
 i - 2 potions of lignification


   Skills:
 + Level 3.3 Fighting
 + Level 4.7 Maces & Flails
 + Level 3.4 Dodging
 + Level 0.1 Stealth
 + Level 3.7 Shields


You had 5 spell levels left.
You didn't know any spells.
Your spell library was empty.

Dungeon Overview and Level Annotations

Branches:
Dungeon (5/15)
 Temple: D:4-7

Altars:
Cheibriados
Dithmenos
Ru
Trog

Shops:
D:3 [

Annotations:
D:4 Eustachio


Innate Abilities, Weirdness & Mutations

You are too large for most types of armour.
You have claws for hands.
Your natural rate of healing is unusually fast.
You are covered in fur. (AC +1)
You have tough skin. (AC +1)


Message History

You are poisoned.
The ufetubus hits you but does no damage.
The ufetubus misses you. The iron imp closely misses you.
Eustachio gestures wildly while chanting.
You barely miss Eustachio.
You feel very sick.
The iron imp disappears in a puff of smoke!
The quasit disappears in a puff of smoke!
The ufetubus hits you. x2; The ufetubus barely misses you.
The ufetubus hits you but does no damage.
Eustachio hits you with a +1 rapier of venom.
You are more poisoned.
The white imp barely misses you. Eustachio closely misses you.
The white imp gestures at you. The puff of frost hits you!
You thump Eustachio!
Eustachio is heavily wounded.
You feel very sick.
The quasit bites you but does no damage.
The quasit claws you but does no damage. x2
Eustachio hits you with a +1 rapier of venom!
You are more poisoned.
The quasit misses you.
The quasit claws you but does no damage. x2
The white imp hits you but does no damage.
The ufetubus barely misses you. The ufetubus misses you.
Eustachio hits you with a +1 rapier of venom.
* * * LOW HITPOINT WARNING * * *
You are more poisoned.
The quasit bites you but does no damage.
The quasit claws you.
* * * LOW HITPOINT WARNING * * *
You feel clumsy.
The quasit claws you but does no damage.
The white imp gestures at you. The puff of frost hits you!
* * * LOW HITPOINT WARNING * * *
You barely miss Eustachio.
Eustachio is heavily wounded.
You die...

### ###.## #....# ###..##
##.....# ######
#######......###....#
##...##...##.....ยง..#
.........###...55@.###
..........#...[.@5...###
.##.........#>#........#
.###......###)#.#....### ####
.##.............###...### ##..##
.##....)...#..........#.###....#
.......#....##...###.....##..####
.......##........###.........##.#
.......####..##.................#
............##....###............


You could see Eustachio, a quasit (summoned), a white imp (summoned) and an
ufetubus (summoned).

Vanquished Creatures
  An ice beast (D:4)
  An ogre (D:4)
  A scorpion (D:4)
  An iguana (D:4)
  3 orc wizards
  5 adders
  5 dart slugs
  17 orcs
  8 endoplasms
  4 giant cockroaches
  7 goblins
  5 hobgoblins
  2 jackals (D:3)
  A quokka (D:4)
  5 ball pythons
  9 bats
  6 frilled lizards
  8 kobolds
  4 rats
93 creatures vanquished.

Vanquished Creatures (others)
  An orc (D:4)
1 creature vanquished.

Grand Total: 94 creatures vanquished

Notes
Turn   | Place    | Note
-------+----------+-------------------------------------------
     0 | D:1      | Jortsu the Troll Fighter began the quest for the Orb.
     0 | D:1      | Reached XP level 1. HP: 22/22 MP: 0/0
   124 | D:1      | You fall into a shaft and drop 1 floor!
   139 | D:3      | Reached XP level 2. HP: 24/29 MP: 1/1
   274 | D:2      | Reached skill level 2 in Maces & Flails
   650 | D:3      | Reached XP level 3. HP: 13/36 MP: 2/2
   756 | D:3      | Found a sacrificial altar of Ru.
   844 | D:3      | Found a faded altar of an unknown god.
   874 | D:3      | Prayed at the altar of an unknown god.
   874 | D:3      | Became a worshipper of Trog the Wrathful
   874 | D:3      | Reached * piety under Trog
   979 | D:3      | Reached XP level 4. HP: 44/44 MP: 3/3
  1067 | D:3      | Identified the +8 dagger of Defenestration {drain, rN+}
  1105 | D:3      | Found Qousizoo's Antique Armour Boutique.
  1121 | D:3      | Bought a runed robe for 66 gold pieces
  1165 | D:3      | Found a shadowy altar of Dithmenos.
  1686 | D:4      | Reached skill level 3 in Maces & Flails
  1692 | D:3      | Reached XP level 5. HP: 37/52 MP: 4/4
  1717 | D:4      | Reached ** piety under Trog
  1937 | D:4      | Noticed an ogre
  1940 | D:4      | Reached XP level 6. HP: 59/59 MP: 5/5
  1948 | D:4      | Reached skill level 4 in Maces & Flails
  2142 | D:4      | Found a snail-covered altar of Cheibriados.
  2309 | D:5      | Entered Level 5 of the Dungeon
  2309 | D:5      | Noticed Eustachio
  2309 | D:5      | Noticed an ice beast
  2320 | D:4      | Killed an ice beast
  2393 | D:4      | HP: 3/61 [white imp/puff of frost[Eustachio] (9)]
  2394 | D:4      | Succumbed to Eustachio's poison

Illustrated notes

Levels and vault maps discovered:
D:1:      minmay_arrival_glassed_features, layout_basic
D:2:      layout_rooms
D:3:      layout_basic, nicolae_dithmenos_shadow_blocks,
          nicolae_ru_sacrificial_ziggurat, serial_shops, nicolae_diamond_shop,
          nicolae_ecumenical_snake_handling, minmay_misc_feat_columns
D:4:      layout_cave_pools, mainiacjoe_overflow_alcove_2, lemuel_old_faithful
D:5:      layout_loops_cross, nicolae_vehumet_altar_sigil,
          grunt_temple_overflow_order_and_chaos_2, gammafunk_ghost_hive,
          amcnicky_mini_pool_small, uniq_eustachio, uniq_ijyb

Skill      XL: |  1  2  3  4  5  6 |
---------------+-------------------+-----
Maces & Flails | 2 3 4 |  4.7
Dodging        | 3 |  3.4
Shields        | 3 |  3.7
Fighting       | 3 |  3.3
Stealth        | |  0.1

Action                   |  1- 3 |  4- 6 || total
-------------------------+-------+-------++-------
Melee: Flail             |   138 |    31 ||   169
       Morningstar       |       |   101 ||   101
       Giant club        |       |    45 ||    45
Invok: Berserk           |       |     3 ||     3
  Use: Scroll            |     6 |     2 ||     8
 Stab: Sleeping          |     1 |       ||     1
Armor: Robe              |    85 |    92 ||   177
Dodge: Dodged            |    78 |    99 ||   177
Block: Kite shield       |    80 |    97 ||   177

Table legend: (Time is in decaauts)
 A = Elapsed time spent in this place.
 B = Non-inter-level travel time spent in this place.
 C = Inter-level travel time spent in this place.
 D = Time resting spent in this place.
 E = Time spent auto-exploring this place.
 F = Levels seen in this place.
 G = Mean time per level.
                   A        B        C        D        E       F      G
               +--------+--------+--------+--------+--------+-----+--------+
         Total |   2561 |   2504 |     57 |    187 |   1332 |   5 |  512.2 |
       Dungeon |   2561 |   2504 |     57 |    187 |   1332 |   5 |  512.2 |
               +--------+--------+--------+--------+--------+-----+--------+

Top non-repeatable levels by time:
     D:3: 1174 daAuts
     D:4: 743 daAuts
     D:2: 502 daAuts
     D:1: 129 daAuts
     D:5: 11 daAuts
